 Dungeon Crawl Stone Soup version 0.22.1-1-ga44c0e5 (webtiles) character file.

41133 Lovchig the Severer (level 13, -1/121 HPs)
             Began as a Deep Dwarf Fighter on Sept 23, 2018.
             Was the Champion of Makhleb.
             Killed from afar by an ice dragon (21 damage)
             ... with a blast of cold
             ... on level 15 of the Dungeon.
             The game lasted 00:41:58 (11612 turns).

Lovchig the Severer (Deep Dwarf Fighter)           Turns: 11612, Time: 00:41:59

Health: -1/121     AC: 23    Str: 24    XL:     13   Next: 78%
Magic:  8/8        EV:  9    Int: 10    God:    Makhleb [******]
Gold:   766        SH: 19    Dex: 15    Spells: 12/12 levels left

rFire    . . .     SeeInvis .   G - +2 war axe (flame)
rCold    + . .     Gourm    .   N - +0 large shield
rNeg     . . .     Faith    .   a - +2 plate armour {rC+}
rPois    .         Spirit   .   u - +0 helmet
rElec    .         Reflect  .   I - +0 cloak
rCorr    +         Harm     .   z - +1 pair of gloves
MR       +....                  d - +0 pair of boots
Stlth    ..........             F - amulet of the acrobat
HPRegen  0.00/turn              B - ring of resist corrosion
MPRegen  0.11/turn              m - +3 ring of dexterity

@: non-regenerating
A: damage resistance, heal wounds, sense surroundings 2, no regeneration
a: Heal Wounds, Minor Destruction, Lesser Servant of Makhleb, Major Destruction,
Greater Servant of Makhleb, Renounce Religion


You were on level 15 of the Dungeon.
You worshipped Makhleb.
Makhleb was exalted by your worship.
You were not hungry.

You visited 1 branch of the dungeon, and saw 15 of its levels.

You collected 766 gold pieces.

Inventory:

Hand Weapons
 E - the +3 hand axe of the Hawk {chop, rElec rN+ Int-2 SInv}
   (You found it on level 12 of the Dungeon)

   It inflicts extra damage upon your enemies.
   It affects your intelligence (-2).
   It insulates you from electricity.
   It protects you from negative energy.
   It lets you see invisible.
 G - a +2 war axe of flaming (weapon)
Armour
 a - a +2 plate armour of cold resistance (worn)
 d - a +0 pair of boots (worn)
 u - a +0 helmet (worn)
 z - a +1 pair of gloves (worn)
 I - a +0 cloak (worn)
 N - a +0 large shield (worn)
Jewellery
 c - an uncursed ring of flight
 m - a +3 ring of dexterity (right hand)
 B - a ring of resist corrosion (left hand)
 F - an amulet of the acrobat (around neck)
 H - an uncursed ring of poison resistance
Wands
 e - a wand of iceblast (10)
 p - a wand of random effects (54)
 v - a wand of digging (7)
 y - a wand of flame (27)
 J - a wand of enslavement (17)
 O - a wand of polymorph (42)
Scrolls
 r - 2 scrolls of blinking
 t - 3 scrolls of teleportation
 x - 6 scrolls of remove curse
 L - 2 scrolls of fear
Potions
 b - 2 potions of might
 g - 2 potions of haste
 h - 4 potions of ambrosia
 i - 6 potions of curing
 j - 2 potions of berserk rage
 k - 4 potions of flight
 l - 7 potions of agility
 n - a potion of brilliance
 o - 5 potions of invisibility
 q - a potion of cancellation
 s - 2 potions of resistance
 w - a potion of magic
 A - 3 potions of lignification
 D - 5 potions of mutation {unknown}
Comestibles
 f - 31 rations
 C - 5 chunks of flesh


   Skills:
 * Level 9.6 Fighting
 * Level 15.5 Axes
 * Level 10.3 Armour
 * Level 8.8 Dodging
 * Level 12.6 Shields


You had 12 spell levels left.
You didn't know any spells.
Your spell library contained the following spells:

 Spells                   Type           Power        Failure   Level  Hunger
 Animate Skeleton         Necr           N/A          100%        1    ##.....
 Apportation              Tloc           #.....       100%        1    ##.....
 Confusing Touch          Hex            #.....       100%        1    ##.....
 Corona                   Hex            #......      100%        1    ##.....
 Summon Butterflies       Summ           #.......     100%        1    ##.....
 Summon Small Mammal      Summ           #...         100%        1    ##.....
 Slow                     Hex            #.......     100%        2    ###....
 Throw Flame              Conj/Fire      #.....       100%        2    ###....
 Call Canine Familiar     Summ           #.......     100%        3    ####...
 Inner Flame              Hex/Fire       #.......     100%        3    ####...
 Lesser Beckoning         Tloc           #.........   100%        3    ####...
 Portal Projectile        Hex/Tloc       #.....       100%        3    ####...
 Summon Guardian Golem    Hex/Summ       #.......     100%        3    ####...
 Tukima's Dance           Hex            #.......     100%        3    ####...
 Cause Fear               Hex            #.........   100%        4    #####..
 Ice Form                 Ice/Tmut       #.......     100%        4    #####..
 Leda's Liquefaction      Hex/Erth       #.........   100%        4    #####..
 Alistair's Intoxication  Tmut/Pois      #.......     100%        5    ######.
 Metabolic Englaciation   Hex/Ice        #.........   100%        5    ######.
 Summon Mana Viper        Hex/Summ       #.......     100%        5    ######.
 Bolt of Cold             Conj/Ice       #.........   100%        6    #######
 Freezing Cloud           Conj/Ice/Air   #.........   100%        6    #######
 Invisibility             Hex            #.......     100%        6    #######
 Ozocubu's Refrigeration  Ice            #.........   100%        6    #######
 Simulacrum               Ice/Necr       #.........   100%        6    #######
 Summon Hydra             Summ           #.........   100%        7    #######


Dungeon Overview and Level Annotations

Branches:
Dungeon (15/15)            Temple (0/1) D:6            Lair (0/6) D:10
    Orc (0/2) D:9          Vaults (0/5) D:13
 Depths: D:15

Altars:
Ashenzari
Hepliaklqana
Makhleb
Trog
Beogh


Innate Abilities, Weirdness & Mutations

You are resistant to damage.
You can heal yourself by infusing magical energy.
You passively map the area around you.
You do not regenerate.


Message History

Your plate armour prevents you from hitting the ice dragon.
You block the ice dragon's attack.
The ice dragon claws you but does no damage.
The ice dragon tramples you but does no damage.
You block the ice dragon's attack. x2; The ice dragon tramples you!
You hold your ground!
Your plate armour prevents you from hitting the ice dragon.
The ice dragon is almost dead.
You hit the ice dragon but do no damage.
The ice dragon breathes frost at you. The blast of cold hits you! You resist.
* * * LOW HITPOINT WARNING * * *
The ice dragon breathes frost at you. The blast of cold hits you! You resist.
* * * LOW HITPOINT WARNING * * *
A demon appears!
It doesn't seem very happy.
The ice dragon breathes frost at you. The blast of cold hits you! You resist.
You die...

, * , ,......##.# #... ,
.##....##.#######)†. ,
#<................ *
.##.#..##.....)(....
....<..........)....
#######..#..#.....[.....
#$$$$.##................
......D######...........
* #D@2..##..##.######
.......##...##.##.#
#$$$$.###.8..####.######
######*#......#.........
##.......########
#########


You could see 2 ice dragons and a blizzard demon.

Vanquished Creatures
  8 vault guards (D:13)
  Harold (D:9)
  Erica (D:8)
  3 hydras
  4 two-headed ogres
  4 centaur warriors (D:13)
  2 tengu warriors
  Urug (D:11)
  An unseen horror (D:12)
  A deep elf mage (D:14)
  A deep elf archer (D:14)
  13 ugly things
  Maurice (D:9)
  2 manticores
  Joseph (D:9)
  A yaktaur (D:15)
  2 komodo dragons
  A tengu conjurer (D:15)
  2 trolls
  3 hornets
  4 hippogriffs
  A wraith (D:13)
  3 wyverns
  14 yaks
  4 hungry ghosts
  7 vampire mosquitoes
  2 steam dragons (D:13)
  Grum (D:9)
  A water moccasin (D:9)
  4 sky beasts
  19 orc warriors
  2 ice beasts
  A necrophage (D:13)
  2 phantoms
  5 ogres
  2 black bears
  An eye of draining (D:14)
  4 wolves (D:9)
  12 centaurs
  A crocodile (D:10)
  9 bullfrogs
  2 gnoll sergeants
  7 scorpions
  14 killer bees
  3 electric eels (D:11)
  6 howler monkeys
  8 crimson imps
  9 hounds
  A gnoll shaman (D:7)
  3 bullfrog zombies
  3 centaur zombies
  3 jellies
  7 orc priests
  14 orc wizards
  4 centaur skeletons
  3 iguanas
  11 worker ants
  A worker ant zombie (D:11)
  A howler monkey skeleton (D:11)
  19 gnolls
  7 adders
  An adder zombie (D:9)
  4 worms
  5 dart slugs
  7 leopard geckos
  100 orcs
  2 ball pythons (D:2)
  18 bats
  5 giant cockroaches
  6 goblins
  10 hobgoblins
  16 jackals
  7 kobolds
  4 quokkas
  A ball python skeleton (D:4)
  10 frilled lizards
  8 rats
  A plant (D:4)
483 creatures vanquished.

Notes
Turn   | Place    | Note
-------+----------+-------------------------------------------
     0 | D:1      | Lovchig the Deep Dwarf Fighter began the quest for the Orb.
     0 | D:1      | Reached XP level 1. HP: 20/20 MP: 1/1
    59 | D:1      | Reached XP level 2. HP: 24/27 MP: 2/2
   352 | D:1      | Reached XP level 3. HP: 24/34 MP: 3/3
   836 | D:2      | Found a burning altar of Makhleb.
   846 | D:2      | Reached skill level 3 in Axes
   860 | D:2      | Became a worshipper of Makhleb the Destroyer
   946 | D:2      | Reached XP level 4. HP: 16/42 MP: 4/4
  1040 | D:2      | Reached skill level 1 in Dodging
  1081 | D:2      | Reached XP level 5. HP: 16/49 MP: 4/4
  1613 | D:3      | Reached * piety under Makhleb
  1669 | D:3      | Reached skill level 4 in Axes
  1842 | D:3      | Reached XP level 6. HP: 35/56 MP: 5/5
  1962 | D:3      | Noticed a moth of wrath
  1965 | D:3      | Found a bloodstained altar of Trog.
  1970 | D:3      | Reached ** piety under Makhleb
  2592 | D:4      | Identified the Handbook of Supportive Fire
  2645 | D:4      | Found a shattered altar of Ashenzari.
  2895 | D:4      | Noticed a two-headed ogre
  2905 | D:4      | Killed a two-headed ogre
  2905 | D:4      | Reached skill level 6 in Axes
  2905 | D:4      | Reached skill level 5 in Armour
  2905 | D:4      | Reached skill level 5 in Shields
  2905 | D:4      | Reached XP level 7. HP: 56/64 MP: 4/4
  2905 | D:4      | Reached XP level 8. HP: 63/72 MP: 5/5
  3274 | D:5      | Entered Level 5 of the Dungeon
  3633 | D:5      | Reached skill level 7 in Axes
  4236 | D:6      | Reached skill level 8 in Axes
  4498 | D:6      | Found a runed door.
  4639 | D:6      | Found a staircase to the Ecumenical Temple.
  4791 | D:6      | Gained mutation: You passively map the area around you.
                  | [Deep Dwarf growth]
  4791 | D:6      | Reached XP level 9. HP: 71/80 MP: 6/6
  4856 | D:6      | Reached skill level 5 in Fighting
  4877 | D:6      | Reached *** piety under Makhleb
  4980 | D:6      | Found a roughly hewn altar of Beogh.
  5097 | D:7      | Reached skill level 9 in Axes
  5433 | D:7      | Reached skill level 10 in Axes
  6053 | D:8      | Reached XP level 10. HP: 42/90 MP: 0/6
  6078 | D:8      | Reached **** piety under Makhleb
  6078 | D:8      | Reached skill level 5 in Dodging
  6299 | D:8      | Found a roughly hewn altar of Beogh.
  6357 | D:8      | Noticed Erica
  6374 | D:8      | Killed Erica
  6829 | D:9      | Noticed Grum
  6833 | D:9      | Reached skill level 11 in Axes
  6851 | D:9      | Killed Grum
  7019 | D:9      | Noticed Maurice
  7060 | D:9      | Killed Maurice
  7191 | D:9      | Reached ***** piety under Makhleb
  7212 | D:9      | Found a roughly hewn altar of Beogh.
  7212 | D:9      | Found a staircase to the Orcish Mines.
  7261 | D:9      | Found a hazy altar of Hepliaklqana.
  7293 | D:9      | Noticed a two-headed ogre
  7303 | D:9      | Killed a two-headed ogre
  7303 | D:9      | Reached XP level 11. HP: 75/99 MP: 0/6
  7321 | D:9      | Noticed Joseph
  7321 | D:9      | Noticed Harold
  7348 | D:9      | Killed Harold
  7348 | D:9      | Reached skill level 12 in Axes
  7351 | D:9      | Killed Joseph
  7425 | D:10     | Entered Level 10 of the Dungeon
  7795 | D:10     | Noticed a two-headed ogre
  7817 | D:10     | Killed a two-headed ogre
  8029 | D:10     | Noticed a red ugly thing
  8045 | D:10     | Killed a red ugly thing
  8083 | D:10     | Found a staircase to the Lair.
  8099 | D:10     | Reached skill level 10 in Shields
  8138 | D:10     | Paralysed by a hornet for 1 turns
  8424 | D:11     | Noticed a green ugly thing
  8439 | D:11     | Killed a green ugly thing
  8499 | D:11     | Reached skill level 13 in Axes
  8945 | D:11     | Noticed Urug
  8977 | D:11     | Killed Urug
  9104 | D:11     | Noticed a seven-headed hydra
  9119 | D:11     | Killed a one-headed hydra
  9119 | D:11     | Reached XP level 12. HP: 57/109 MP: 0/7
  9285 | D:12     | Noticed a two-headed ogre
  9299 | D:12     | Killed a two-headed ogre
  9396 | D:12     | Got an ancient hand axe
  9397 | D:12     | Identified the cursed +3 hand axe of the Hawk {chop, rElec
                  | rN+ Int-2 SInv} (You found it on level 12 of the Dungeon)
  9630 | D:12     | Reached ****** piety under Makhleb
  9912 | D:13     | Noticed a centaur warrior
  9928 | D:13     | Killed a centaur warrior
  9968 | D:13     | Noticed a centaur warrior
  9969 | D:13     | Noticed a six-headed hydra
  9981 | D:13     | Killed a centaur warrior
  9983 | D:13     | Killed a two-headed hydra
  9983 | D:13     | Reached skill level 14 in Axes
  9992 | D:13     | Found a gate to the Vaults.
  9994 | D:13     | Noticed a vault guard
  9995 | D:13     | Noticed a vault guard
  9996 | D:13     | Noticed a vault guard
  9997 | D:13     | Noticed a vault guard
  9999 | D:13     | Noticed a vault guard
 10001 | D:13     | Noticed a vault guard
 10021 | D:13     | Killed a vault guard
 10042 | D:13     | Killed a vault guard
 10050 | D:13     | Killed a vault guard
 10062 | D:13     | Killed a vault guard
 10075 | D:13     | Killed a vault guard
 10110 | D:13     | Killed a vault guard
 10149 | D:13     | Noticed a vault guard
 10161 | D:13     | Killed a vault guard
 10166 | D:13     | Reached XP level 13. HP: 120/120 MP: 8/8
 10412 | D:13     | Reached skill level 10 in Armour
 10926 | D:14     | Reached skill level 15 in Axes
 11441 | D:15     | Entered Level 15 of the Dungeon
 11612 | D:15     | Noticed a blizzard demon
 11612 | D:15     | Killed from afar by an ice dragon

Skill      XL: |  1  2  3  4  5  6  7  8  9 10 11 12 13 |
---------------+----------------------------------------+-----
Fighting       | 3 4 5 6 7 8 9 |  9.6
Axes           | 3 4 6 8 10 11 13 14 15 | 15.5
Dodging        | 1 2 3 4 6 7 8 |  8.8
Shields        | 4 5 6 7 9 10 11 12 | 12.6
Armour         | 4 5 6 7 8 9 10 | 10.3

Action                   |  1- 3 |  4- 6 |  7- 9 | 10-12 | 13-15 || total
-------------------------+-------+-------+-------+-------+-------++-------
Melee: War axe           |   142 |   238 |   464 |   925 |   294 ||  2063
       Hand axe          |       |       |       |     7 |       ||     7
Invok: Greater Servant o |       |       |       |       |     1 ||     1
 Abil: Heal Wounds       |       |     7 |     4 |     9 |       ||    20
  Use: Scroll            |       |     7 |     8 |     8 |     3 ||    26
       Potion            |       |     1 |       |     1 |       ||     2
  Eat: Chunk             |       |     7 |    13 |    17 |     7 ||    44
Armor: Scale mail        |    88 |    29 |       |       |       ||   117
       Chain mail        |       |    57 |   111 |       |       ||   168
       Plate armour      |       |       |    70 |   356 |   191 ||   617
Dodge: Dodged            |    59 |    80 |    98 |   229 |   143 ||   609
Block: Shield            |    96 |   153 |   254 |   518 |       ||  1021
       Large shield      |       |       |       |     6 |   363 ||   369
